[Event "6. Internationales Spandauer Weihnachtsopen 2023"]
[Site "Spandau, Germany"]
[Date "2023.12.27"]
[Round "1.1"]
[White "Baldauf, Marco"]
[Black "Frischmann, Lucas"]
[Result "0-1"]
[TimeControl "90 min+30 sec"]
[WhiteElo "2488"]
[BlackElo "1784"]

1. d4 d5 2. c4 e6 3. Nc3 Nf6 4. Nf3 Be7 5. g3 O-O 6. Bg2 c6 7. O-O Nbd7 8. Qd3 b6 9. e4 dxe4 10. Nxe4 Bb7 11. Nxf6+ Bxf6 12. Rd1 Qe7 13. Bf4 Rfd8 14. Qc2 Rac8 15. Re1 Qf8 16. Rad1 h6 17. h4 a5 18. h5 Be7 19.
g4 c5 20. Be3 cxd4 21. Bxd4 b5 22. b3 bxc4 23. bxc4 Bf6 24. Ng5 Bxg5 25. Bxb7 Rc7 26. Bf3 Qa3 27. Qc3 Qb4 28. Be2 Nc5 29. Bxg7 Rcd7 30. Rxd7 Rxd7 31. Rb1 Qxb1+ 32. Kg2 Qb4 33. Qe5 Nd3 34. Bxd3 Rxd3 35. Bh8 Qb7+ 36. Kh2 Bf4+ 37. Qxf4 Kxh8 38. Qxh6+ Kg8 39. Qg5+ Kh7 40. h6 Qb8+ 41. Kg2 Qg8 42. Qf4 Qa8+ 43. f3 Rd7 44. c5 Qd5 45. Kh3 Qxc5 46. Qf6 Qd4 0-1

[Event "6. Internationales Spandauer Weihnachtsopen 2023"]
[Site "Spandau, Germany"]
[Date "2023.12.27"]
[Round "1.2"]
[White "Morczynski, Joachim"]
[Black "Dahl, Christoph"]
[Result "0-1"]
[TimeControl "90 min+30 sec"]
[WhiteElo "1781"]
[BlackElo "2357"]

1. e4 c5 2. Nf3 d6 3. d4 cxd4 4. Qxd4 Nc6 5. Bb5 Bd7 6.
Bxc6 Bxc6 7. Nc3 Nf6 8. Bg5 e6 9. Qd3 Be7 10. Nd4 Bd7 11. O-O-O O-O 12. f4 Rc8 13. Ndb5 Bxb5 14. Nxb5 d5 15. Bxf6 Bxf6 16. exd5 Rc5 17. Qb3 Qd7 18. Na3 exd5 19. c3 d4 20. Nc2 Rfc8 21. Rd2 Qc7 22. Nxd4 Qxf4 23. Ne2 Qe3 24. Kd1 Bg5 25. Rd7 Rf5 26. h4 Bh6 27. Qc4 Re8 28.
Qd3 Qf2 29. Qe4 Kf8 30. Qb4+ Rc5 31. Ng3 b6 32. Ne4 Qxg2 33. Re1 Qg4+ 34. Kc2 Qxd7 35.
Nxc5 Qd2+ 36. Kb3 Qd5+ 37. c4 Qxc5 38. Rxe8+ Kxe8 39.
Qa4+ b5 40. cxb5 Qe3+ 41. Kc2 Qd2+ 0-1

[Event "6. Internationales Spandauer Weihnachtsopen 2023"]
[Site "Spandau, Germany"]
[Date "2023.12.27"]
[Round "1.3"]
[White "Tschernatsch, Johannes"]
[Black "Kuban, Andreas"]
[Result "1-0"]
[TimeControl "90 min+30 sec"]
[WhiteElo "2335"]
[BlackElo "1774"]

1. e4 c5 2. Nf3 d6 3. Bb5+ Nd7 4. a4 Ngf6 5. Nc3 a6 6. Be2 g6 7.
a5 Bg7 8. O-O O-O 9. d3 b5 10. axb6 Rb8 11. Qd2 Qxb6 12. Qg5 Re8 13. Qh4 Nf8 14. e5 N6d7 15. Nd5 Qd8 16. exd6 Bf6 17. Nxe7+ Rxe7 18. dxe7 Qxe7 19. Qe4 Ne6 20. d4 Bb7 21.
d5 c4 22. Bxc4 Qb4 23. Bd2 Qxb2 24. Rab1 Nec5 25. Rxb2 Nxe4 26.
Rbb1 Ndc5 27. Bd3 Nxd2 28. Nxd2 Rd8 29. Ne4 Nxe4 30.
Rxb7 Nc5 31. Rb6 Bd4 32. Bxa6 Rxd5 33.
Bc4 Re5 34. Rd6 Bc3 35. Rd5 1-0

[Event "6. Internationales Spandauer Weihnachtsopen 2023"]
[Site "Spandau, Germany"]
[Date "2023.12.27"]
[Round "1.4"]
[White "Stein, Siegfried"]
[Black "Goluch, Piotr"]
[Result "0-1"]
[TimeControl "90 min+30 sec"]
[WhiteElo "1771"]
[BlackElo "2312"]

1. e4 c6 2. d4 d5 3. f3 dxe4 4. fxe4 e5 5. Nf3 Be6 6. Nc3 Nd7 7. Be2 Ngf6 8. Bg5 Qa5 9. Qd2 Bb4 10. Bd3 O-O-O 11. O-O exd4 12. Nxd4 Bc5 13. Nce2 Qxd2 14. Bxd2 Ne5 15. Bc3 Bg4 16. Kh1 Rhe8 17. Nf3 Nxd3 18.
cxd3 Rxd3 19. Nf4 Rd7 20. h3 Bxf3 21. gxf3 Bd4 22. Rad1 Bxc3 23. Rxd7 Nxd7 24.
bxc3 Ne5 25. Kg2 Rd8 26. Rf2 Rd1 27. Rc2 b5 28. Ne2 Kc7 29. Nd4 g6 30. f4 Nc4 31. Kf2 Rh1 32. Kg3 Re1 33. Ne2 a6 34. e5 c5 35. Kf3 Rf1+ 36. Ke4 Rh1 37. Ng3 Rxh3 38. Rg2 Kc6 39. f5 Rh4+ 40. Kd3 Nxe5+ 0-1

[Event "6. Internationales Spandauer Weihnachtsopen 2023"]
[Site "Spandau, Germany"]
[Date "2023.12.27"]
[Round "1.5"]
[White "Lorenz, Sascha"]
[Black "Nguyen, Tuan Kiet"]
[Result "1/2-1/2"]
[TimeControl "90 min+30 sec"]
[WhiteElo "2296"]
[BlackElo "1768"]

1. Nf3 Nf6 2. e3 g6 3. d4 d5 4. Be2 Bg7 5. O-O O-O 6.
b3 Bf5 7. Bb2 Nbd7 8. c4 c6 9. Nc3 a5 10. Nh4 Be6 11. Nf3 Bf5 12. Rc1 Rc8 13. Nh4 Be6 14. f4 Nb8 15. g4 dxc4 16.
bxc4 Ne8 17. Bd3 Nd6 18. Qe2 Na6 19. f5 Bd7 20. c5 e5 21. fxe6 Bxe6 22. Ng2 Ne8 23. Nf4 Nac7 24. Nxe6 Nxe6 25. Bc4 Nf6 26. Bxe6 fxe6 27.
Nb1 Qd5 28. Bc3 Ra8 29. Be1 Ne4 30. Rxf8+ Bxf8 31. Nc3 Nxc3 32. Bxc3 Bg7 33. Rb1 Qd7 34.
Qc4 Kh8 35. Be1 e5 36. dxe5 Bxe5 37. Bc3 Bg7 38. Rf1 Bxc3 39. Qxc3+ Kg8 40. Qc4+ Kg7 41. Qc3+ Kg8 42. Qc4+ Qd5 1/2-1/2

[Event "6. Internationales Spandauer Weihnachtsopen 2023"]
[Site "Spandau, Germany"]
[Date "2023.12.27"]
[Round "1.6"]
[White "Borowski, Przemyslaw"]
[Black "Förster, Jonas"]
[Result "0-1"]
[TimeControl "90 min+30 sec"]
[WhiteElo "1763"]
[BlackElo "2275"]

1. d4 Nf6 2. Bg5 d5 3. Bxf6 gxf6 4.
e3 c5 5.
dxc5 Nc6 6. c3 e6 7. Nd2 Bxc5 8. Ngf3 O-O 9. Qa4 Kh8 10. Qh4 Rg8 11. Bd3 f5 12. Qxd8 Rxd8 13.
Nb3 Be7 14. Nbd4 Bf6 15. Ne2 Bd7 16. O-O-O Ne5 17. Nxe5 Bxe5 18. g3 b5 19. Nd4 Rab8 20. b4 Kg7 21. Kb2 Kf6 22. f4 Bd6 23. Nf3 h6 24. Rhf1 a6 25. a3 Rbc8 26.
Rc1 Rg8 27. Rg1 Ke7 28. a4 bxa4 29. Bxa6 Rb8 30. Ka3 f6 31. Rgd1 Rgd8 32. Rb1 Rb6 33. Be2 Rc8 34. Rdc1 e5 35. c4 dxc4 36. Rxc4 Rcb8 37. Bd1 Be6 0-1

[Event "6. Internationales Spandauer Weihnachtsopen 2023"]
[Site "Spandau, Germany"]
[Date "2023.12.27"]
[Round "2.1"]
[White "Dahl, Christoph"]
[Black "Huth, Kevin"]
[Result "1-0"]
[TimeControl "90 min+30 sec"]
[WhiteElo "2357"]
[BlackElo "1969"]

1. e4 c5 2. Nf3 d6 3. d4 cxd4 4. Nxd4 Nf6 5. Nc3 a6 6. Bg5 e6 7. f4 Be7 8. Qf3 Qc7 9. O-O-O Nbd7 10. g4 b5 11. Bxf6 Nxf6 12. g5 Nd7 13. f5 Ne5 14. Qg3 b4 15. Nce2 exf5 16. exf5 Bb7 17.
Bg2 Rc8 18. Nf4 d5 19. Bxd5 O-O 20. f6 Bd6 21. Bxb7 Ng6 22. Nxg6 Bxg3 23. Ne7+ Kh8 24. hxg3 Qxb7 25. Rh4 gxf6 26.
Rdh1 Rxc2+ 27. Kxc2 1-0

[Event "6. Internationales Spandauer Weihnachtsopen 2023"]
[Site "Spandau, Germany"]
[Date "2023.12.27"]
[Round "2.2"]
[White "Sprenger de la Iglesia, Yevgeni"]
[Black "Tschernatsch, Johannes"]
[Result "0-1"]
[TimeControl "90 min+30 sec"]
[WhiteElo "1958"]
[BlackElo "2335"]

1. d4 Nf6 2. c4 g6 3. Nc3 d5 4. Nf3 Bg7 5. Qb3 dxc4 6. Qxc4 O-O 7. e4 Nc6 8. Be2 e5 9. d5 Nd4 10. Nxd4 exd4 11. Qxd4 c6 12. Qc4 b5 13. Qxc6 Bd7 14. Qd6 Re8 15. e5 b4 16. Qxb4 Rxe5 17. O-O a5 18.
Qc4 Rc8 19. Qd4 Nxd5 20. Nxd5 Rxe2 21. Qd3 Qe8 22. Qf3 Re6 23. Bf4 Bc6 24. Rad1 Rd8 25. Rd2 Rxd5 26. Rxd5 Qa8 27. Rxa5 Qxa5 28. Qb3 Bb5 29. Bc7 Re1 30.
Bxa5 Rxf1# 0-1

[Event "6. Internationales Spandauer Weihnachtsopen 2023"]
[Site "Spandau, Germany"]
[Date "2023.12.27"]
[Round "2.3"]
[White "Goluch, Piotr"]
[Black "Bandlow, Matthias"]
[Result "1-0"]
[TimeControl "90 min+30 sec"]
[WhiteElo "2312"]
[BlackElo "1961"]

1. e4 c5 2. Nf3 d6 3. d4 cxd4 4. Nxd4 Nf6 5. Nc3 Nc6 6. Bg5 e6 7. Qd2 Be7 8. O-O-O O-O 9. f3 a6 10. h4 Qc7 11. g4 Rd8 12. h5 d5 13. Nxc6 bxc6 14. e5 d4 15. Bxf6 gxf6 16. Ne4 Qxe5 17. Qh6 d3 18. Bxd3 Rxd3 19. Rxd3 Rb8 20. c3 Qb5 21. Rd2 e5 22. Nxf6+ Bxf6 23. Qxf6 Be6 24. h6 1-0

[Event "6. Internationales Spandauer Weihnachtsopen 2023"]
[Site "Spandau, Germany"]
[Date "2023.12.27"]
[Round "2.4"]
[White "Förster, Jonas"]
[Black "Kutschke, Jens"]
[Result "1-0"]
[TimeControl "90 min+30 sec"]
[WhiteElo "2275"]
[BlackElo "1938"]

1. d4 Nf6 2. Nf3 g6 3. g3 Bg7 4. Bg2 O-O 5. O-O d5 6. Nbd2 b6 7. c4 c6 8. b3 Nbd7 9. Qc2 Bb7 10. e4 dxe4 11. Nxe4 c5 12.
Nxf6+ Bxf6 13. Bh6 Re8 14. Rad1 cxd4 15. Nxd4 Bxg2 16. Kxg2 Qc7 17. Qe4 Nc5 18. Qf3 Rad8 19. Nb5 Qc8 20. Nd6 Rxd6 21. Rxd6 Bg7 22. Rc6 Qb7 23. Bxg7 Kxg7 24. Rd1 f5 25.
Rxc5 Qxf3+ 26. Kxf3 bxc5 27. Rd7 Kf6 28. Rxa7 Rc8 29. Ra6+ e6 30. h4 h6 31.
Rb6 g5 32. hxg5+ hxg5 33. a4 Ke5 34. a5 f4 35. Kg4 fxg3 36. Kxg3 Kf5 37. a6 e5 38. Kf3 Ra8 39. Ke3 g4 40. Kd3 Rd8+ 41. Kc3 Ke4 42. a7 Ra8 43. Rb7 Kf3 44. Rf7 Ke2 45.
b4 cxb4+ 46. Kxb4 e4 47. c5 e3 48. fxe3 Kxe3 49. Rg7 Kf3 50. Kb5 g3 51. Kb6 1-0

[Event "6. Internationales Spandauer Weihnachtsopen 2023"]
[Site "Spandau, Germany"]
[Date "2023.12.27"]
[Round "2.5"]
[White "Leipert, Pieter"]
[Black "Richter, Leonard"]
[Result "1/2-1/2"]
[TimeControl "90 min+30 sec"]
[WhiteElo "1942"]
[BlackElo "2253"]

1. d4 Nf6 2. Bf4 g6 3. Nc3 d5 4. e3 Bg7 5. Nb5 Na6 6. Nc3 Nb8 7. Nb5 Na6 8. Nc3 O-O 9. Bxa6 bxa6 10. Be5 Re8 11. Nge2 Bf8 12. Bxf6 exf6 13. Nf4 c6 14. Qd2 Rb8 15. Nd3 Bf5 16. b3 Bd6 17. Na4 Be4 18. O-O Qc8 19. f3 Bxd3 20. Qxd3 Qc7 21.
g3 Bxg3 22. hxg3 Qxg3+ 23. Kh1 Rb4 24. Qd2 Re5 25. Qh2 Rh5 1/2-1/2

[Event "6. Internationales Spandauer Weihnachtsopen 2023"]
[Site "Spandau, Germany"]
[Date "2023.12.27"]
[Round "2.6"]
[White "Tiarks, Jann-Christian"]
[Black "Zobel, Christian"]
[Result "1-0"]
[TimeControl "90 min+30 sec"]
[WhiteElo "2224"]
[BlackElo "1932"]

1. e4 c5 2. Nf3 e6 3. d4 cxd4 4. Nxd4 a6 5. Bd3 Nf6 6. O-O Qc7 7. Qe2 d6 8. c4 Be7 9. Nc3 Nc6 10. Nxc6 bxc6 11.
Be3 Bb7 12. f4 O-O 13. c5 dxc5 14. Na4 c4 15. Bxc4 c5 16. e5 Nd5 17. Bd2 Qc6 18. Nc3 f5 19. exf6 Bxf6 20. f5 Rae8 21. fxe6 Rxe6 22. Qg4 Qd7 23.
Bg5 Bd4+ 24. Kh1 Rd6 25. Rxf8+ Kxf8 26. Rf1+ Nf6 27. Qg3 Bxc3 28. bxc3 Rd1 29. Qb8+ Bc8 30. Qe5 Rxf1+ 31. Bxf1 Qc6 32. Be3 Nd7 33. Qf5+ Kg8 34. Bc4+ Kh8 35. Qf7 1-0

[Event "6. Internationales Spandauer Weihnachtsopen 2023"]
[Site "Spandau, Germany"]
[Date "2023.12.28"]
[Round "3.1"]
[White "Jankowiak, Piotr"]
[Black "Dahl, Christoph"]
[Result "0-1"]
[TimeControl "90 min+30 sec"]
[WhiteElo "2076"]
[BlackElo "2357"]

1. e4 e5 2. Nf3 Nc6 3. Bc4 Nf6 4. d3 Be7 5. c3 O-O 6. O-O d6 7. h3 h6 8. Re1 Nh7 9. d4 Ng5 10.
Nbd2 Bf6 11. dxe5 Nxe5 12. Nxe5 dxe5 13. Qe2 Qe7 14. Nf3 Nxf3+ 15. Qxf3 Be6 16. Qe2 Rfd8 17. Be3 Qd7 18. Bb5 c6 19. Red1 Qe7 20. Bc4 b5 21. Bxe6 Qxe6 22. b3 a5 23.
Rxd8+ Bxd8 24. Bc5 a4 25. b4 Be7 26. Bxe7 Qxe7 27. Rd1 Qe6 28. c4 bxc4 29. Rc1 Rd8 30. Qxc4 Rd1+ 31. Kh2 Rxc1 32. Qxc1 Qxa2 33. Qxc6 a3 34. b5 Kh7 35. Qa6 Qxf2 36. Qxa3 Qf4+ 37.
Qg3 Qxe4 38. Qf3 Qg6 39. Qc6 Qf5 40.
Qf3 Qb1 41. Qc6 e4 42. Qc5 e3 43. Qxe3 Qxb5 44. Qe4+ f5 45. Qf4 Qc5 46. Kh1 g5 47. Qb8 Qe7 48. Qc8 Qe1+ 49. Kh2 Qe5+ 50. Kh1 h5 51. Qd7+ Kg6 52. Qd8 Qe6 53. Kh2 f4 54.
Qd3+ Kh6 55. Qd4 Kg6 56. Qd3+ Qf5 57. Qd6+ Qf6 58. Qd3+ Kh6 59. Qd7 f3 60. gxf3 Qxf3 61. Qe6+ Kg7 62. Qe7+ Kg6 63. Qe6+ Qf6 64.
Qg8+ Kf5 65. Qh7+ Qg6 66. Qd7+ Kf6 67. Qd8+ Ke5 68. Qe7+ Kd5 69. Qb7+ Kc5 70. Qa7+ Qb6 71. Qa3+ Kd4 72.
Qa4+ Kc3 73. Qa3+ Kc2 74. Qa4+ Kb2 75. Qd7 Qc5 76. Qg7+ Kc1 77. Qf7 h4 78. Qf1+ Kb2 79. Qf6+ Kc2 80.
Qg6+ Kd2 81. Qf6 Qe3 82.
Qb2+ Kd1 83. Qb1+ Ke2 84. Qb5+ Kf2 85. Qb2+ Qe2 86. Qf6+ Ke3+ 87. Kg1 Qe1+ 88. Kg2 Qg3+ 0-1

[Event "6. Internationales Spandauer Weihnachtsopen 2023"]
[Site "Spandau, Germany"]
[Date "2023.12.28"]
[Round "3.2"]
[White "Tschernatsch, Johannes"]
[Black "Böttcher, Patrick"]
[Result "1-0"]
[TimeControl "90 min+30 sec"]
[WhiteElo "2335"]
[BlackElo "2051"]

1. e4 c6 2. d4 d5 3. e5 Bf5 4. Nd2 e6 5.
Nb3 Nd7 6. Nf3 c5 7. dxc5 Ne7 8. Bb5 Nc6 9. O-O Bg4 10. h3 Bxf3 11. Qxf3 Nxc5 12. Qg3 Ne4 13. Qe3 Be7 14. Rd1 Qb6 15.
Qxb6 axb6 16. Be3 Nc5 17. c4 dxc4 18. Nxc5 bxc5 19. a4 Rc8 20. a5 Rc7 21. a6 O-O 22. axb7 Nxe5 23. Ra7 Rb8 24.
Bf4 Rcxb7 25. Bxe5 Rxa7 26. Bxb8 Rb7 1-0

[Event "6. Internationales Spandauer Weihnachtsopen 2023"]
[Site "Spandau, Germany"]
[Date "2023.12.28"]
[Round "3.3"]
[White "Lippert, Daniel"]
[Black "Goluch, Piotr"]
[Result "1/2-1/2"]
[TimeControl "90 min+30 sec"]
[WhiteElo "2031"]
[BlackElo "2312"]

1. e4 c6 2. d4 d5 3. e5 c5 4. dxc5 e6 5. a3 Bxc5 6. Qg4 Ne7 7. Nf3 g6 8. b4 Bb6 9. Nc3 a6 10. Bd3 Nd7 11. O-O Qc7 12. Na4 Ba7 13. Bf4 b5 14. Nb2 Bb7 15. a4 Qc3 16.
Rfb1 Nf5 17. Nd1 Qc6 18. Ra3 bxa4 19. b5 Qb6 20. Rb2 a5 21. Bxf5 exf5 22. Qh4 h6 23. Be3 Qd8 24. Bg5 Qb6 25.
Be3 Qd8 26. Bg5 Qb6 1/2-1/2

[Event "6. Internationales Spandauer Weihnachtsopen 2023"]
[Site "Spandau, Germany"]
[Date "2023.12.28"]
[Round "3.4"]
[White "Krefenstein, Sergej"]
[Black "Förster, Jonas"]
[Result "1/2-1/2"]
[TimeControl "90 min+30 sec"]
[WhiteElo "2029"]
[BlackElo "2275"]

1. d4 Nf6 2. c4 e6 3. Nf3 b6 4.
a3 Bb7 5. Nc3 d5 6. cxd5 exd5 7. Bf4 a6 8. e3 Bd6 9. Bg3 Bxg3 10. hxg3 Nbd7 11. Bd3 Qe7 12. Qc2 g6 13. Rc1 c5 14.
dxc5 Nxc5 15. O-O O-O 16. b4 Ne6 17. Ne2 Rfc8 18. Qb2 Nd7 19. Ned4 Qf6 20. Rxc8+ Rxc8 21. Rc1 Rxc1+ 22. Qxc1 Nxd4 23. exd4 Qd6 24. Qe3 Nf6 25.
Ne5 Kg7 26. Qf4 Qe6 27. Nf3 a5 28. bxa5 bxa5 29. Qc7 Qc6 30. Qxa5 Qc1+ 31. Qe1 Qxa3 1/2-1/2

[Event "6. Internationales Spandauer Weihnachtsopen 2023"]
[Site "Spandau, Germany"]
[Date "2023.12.28"]
[Round "3.5"]
[White "Torosyan, Bagrat"]
[Black "Tiarks, Jann-Christian"]
[Result "1/2-1/2"]
[TimeControl "90 min+30 sec"]
[WhiteElo "2024"]
[BlackElo "2224"]

1. e4 c5 2. Nf3 d6 3. d4 cxd4 4. Nxd4 Nf6 5.
Nc3 a6 6. Be3 e5 7. Nb3 Be7 8. f3 Be6 9. Qd2 h5 10.
O-O-O Nbd7 11. Kb1 b5 12. Nd5 Bxd5 13. exd5 Nb6 14. Bxb6 Qxb6 15. Na5 Rc8 16. Nc6 Nxd5 17. Nxe7 Nxe7 18. Qxd6 Qxd6 19. Rxd6 Nc6 20. Be2 Ke7 21. Rd2 Rhd8 22. Rhd1 Rxd2 1/2-1/2

[Event "6. Internationales Spandauer Weihnachtsopen 2023"]
[Site "Spandau, Germany"]
[Date "2023.12.28"]
[Round "3.6"]
[White "Nemitz, Alfred"]
[Black "Szkoludek, Sebastian"]
[Result "1-0"]
[TimeControl "90 min+30 sec"]
[WhiteElo "2219"]
[BlackElo "2006"]

1. d4 Nf6 2. Nf3 c5 3. c3 g6 4.
Bg5 Bg7 5. e3 O-O 6. Nbd2 cxd4 7.
exd4 d6 8. Bd3 Nc6 9. O-O Rb8 10. a4 a6 11. Re1 b5 12. axb5 axb5 13. Ne4 Nd5 14. Bc2 Na5 15. Nxd6 h6 16.
Bh4 g5 17. Nxc8 gxh4 18. Qd3 Re8 19. Na7 Qb6 20. Rxa5 Qxa5 21. Nc6 Qc7 22. Nxb8 Rxb8 23. Nxh4 e6 24. Nf3 Qf4 25. h3 1-0

[Event "6. Internationales Spandauer Weihnachtsopen 2023"]
[Site "Spandau, Germany"]
[Date "2023.12.28"]
[Round "4.1"]
[White "Dahl, Christoph"]
[Black "Perestjuk, Marko"]
[Result "1-0"]
[TimeControl "90 min+30 sec"]
[WhiteElo "2357"]
[BlackElo "2171"]

1. e4 c5 2. Nf3 d6 3. d4 cxd4 4. Nxd4 Nf6 5. Nc3 g6 6. Be3 a6 7. f3 b5 8. a4 b4 9. Nd5 Nxd5 10. exd5 Bg7 11. Bc4 Bb7 12. Qd2 Nd7 13. a5 Qc7 14.
Qxb4 O-O 15. Rd1 Rab8 16. Qa4 Rfc8 17. b3 Ne5 18. Be2 Qc3+ 19. Kf2 Bxd5 20. Bxa6 Rc5 21. Bb5 Nxf3 22. Ne2 Qxc2 23. Bd3 Qb2 24. Bxc5 dxc5 25. gxf3 Bd4+ 26. Kg2 Bxb3 27.
Qa1 Bxd1 28. Qxb2 Rxb2 29. Rxd1 Ra2 30. a6 Be3 31. Bc4 Ra4 32. Rd3 Rxc4 33. Ra3 Rc2 34. a7 Rxe2+ 35. Kf1 Rf2+ 36.
Ke1 1-0

[Event "6. Internationales Spandauer Weihnachtsopen 2023"]
[Site "Spandau, Germany"]
[Date "2023.12.28"]
[Round "4.2"]
[White "Solberg, Joachim"]
[Black "Tschernatsch, Johannes"]
[Result "1/2-1/2"]
[TimeControl "90 min+30 sec"]
[WhiteElo "2162"]
[BlackElo "2335"]

1. e4 c5 2. c3 Nf6 3.
e5 Nd5 4. Nf3 d6 5. d4 cxd4 6. cxd4 Nc6 7. Bc4 Nb6 8. Bb5 Bd7 9. exd6 e6 10. Nc3 Bxd6 11. a3 Ne7 12. Bd3 Ned5 13.
Nxd5 Nxd5 14. O-O O-O 15.
Qe2 Bc6 16. Be3 Nf4 17. Bxf4 Bxf4 18. Be4 Bd5 19. Rfe1 Bc7 20. Rac1 Bb6 21. Qc2 g6 22. Bxd5 Qxd5 23. Re5 Qd7 24. Qd2 Rfd8 25. Rd1 Rac8 26.
Qh6 Rc2 27. b4 f6 28. Re4 e5 29. Rde1 Qg7 30. Qh3 h5 31. Nxe5 fxe5 32. Qb3+ Qf7 33. Qxc2 Bxd4 34. h4 Kh7 35. R1e2 Rd6 36. Kh2 Rf6 37. Kg1 Rc6 38. Qd2 Rd6 39. Qa2 Qf5 40. Qc2 Rc6 41. Qb1 Rc3 42.
Qe1 Rc4 43. Rxe5 Bxe5 44. Rxe5 Qf4 45. g3 Qc1 46. Re7+ Kh6 47. Qxc1+ Rxc1+ 48. Kg2 Ra1 49. Re3 Kg7 50. Kf3 Ra2 51. Rc3 Kf6 52. Ke3 g5 53. hxg5+ Kxg5 54. f3 b6 55. Rd3 Kf5 56. Kd4 Rg2 57. g4+ hxg4 58.
fxg4+ Ke6 59. Kc4 a6 60. Rd4 Rg3 61. Rd3 Rxg4+ 62. Kb3 Ke5 63. a4 Rd4 64. Rc3 1/2-1/2

[Event "6. Internationales Spandauer Weihnachtsopen 2023"]
[Site "Spandau, Germany"]
[Date "2023.12.28"]
[Round "4.3"]
[White "Dathe, Frederick"]
[Black "Nemitz, Alfred"]
[Result "1/2-1/2"]
[TimeControl "90 min+30 sec"]
[WhiteElo "2143"]
[BlackElo "2219"]

1. c4 Nf6 2. Nf3 e6 3. b3 d5 4. Bb2 a5 5.
Nc3 c6 6. e3 Nbd7 7. d4 Bd6 8. Be2 O-O 9. O-O Qe7 10. Qc2 b6 11. e4 dxe4 12. Nxe4 Nxe4 13. Qxe4 Bb7 14. Rad1 a4 15.
Bd3 Nf6 16. Qh4 h6 17. Bb1 Rfd8 18. Ne5 Nd7 19. Qh3 Nxe5 20. dxe5 Ba3 21. Bc3 Rxd1 22. Rxd1 Rd8 1/2-1/2

[Event "6. Internationales Spandauer Weihnachtsopen 2023"]
[Site "Spandau, Germany"]
[Date "2023.12.28"]
[Round "4.4"]
[White "Matthes, Aaron"]
[Black "Daniel, Damian"]
[Result "0-1"]
[TimeControl "90 min+30 sec"]
[WhiteElo "2207"]
[BlackElo "2129"]

1. c4 e5 2. g3 Nc6 3. Bg2 Nf6 4. Nc3 Bc5 5. Nf3 d6 6. O-O a6 7. e3 O-O 8. b3 Ba7 9. h3 h6 10.
d4 Bf5 11. Ba3 Re8 12. dxe5 dxe5 13. Qc1 e4 14. Rd1 Qc8 15. Nd2 Bxh3 16. Bh1 Bg4 17. Re1 Bf5 18. Qc2 Qe6 19. Rad1 Rad8 20.
Bg2 Bg4 21. Rc1 Rxd2 22. Qxd2 Ne5 23. Qc2 Nf3+ 24. Kf1 Nh2+ 25. Kg1 Nf3+ 26. Kf1 Bh3 27. c5 Qg4 28. Ne2 Nh4 0-1

[Event "6. Internationales Spandauer Weihnachtsopen 2023"]
[Site "Spandau, Germany"]
[Date "2023.12.28"]
[Round "4.5"]
[White "Goluch, Piotr"]
[Black "Yatskar, Martin"]
[Result "1-0"]
[TimeControl "90 min+30 sec"]
[WhiteElo "2312"]
[BlackElo "2004"]

1. d4 d5 2. c4 e6 3. Nf3 c5 4. cxd5 exd5 5. Nc3 Nf6 6. g3 Nc6 7. Bg2 Be7 8. O-O
O-O 9. dxc5 Bxc5 10. Na4 Be7 11. Be3 Bg4 12. Rc1 Qd7 13. Re1 Rfe8 14. Nc5 Bxc5
15. Bxc5 Rad8 16. Nd4 Ne5 17. Bxa7 Ra8 18. Bc5 Rxa2 19. Ba3 Bh3 20. Qb3 Qg4 21.
Nf3 Rxa3 22. bxa3 Nc4 23. Qxb7 h5 24. Bxh3 Qxh3 25. Qxf7+ Kh8 26. Qg6 Rf8 27.
Ng5 Qd7 28. Nf3 Qh3 29. e4 Ng4 30. exd5 Nd2 31. Qh7+ Kxh7 32. Ng5+ Kg6 33. Nxh3
Nf3+ 34. Kg2 Nxe1+ 35. Rxe1 Ra8 36. Nf4+ Kf7 37. d6 Nf6 38. Re7+ Kg8 39. Ne6
1-0

[Event "6. Internationales Spandauer Weihnachtsopen 2023"]
[Site "Spandau, Germany"]
[Date "2023.12.28"]
[Round "4.6"]
[White "Dzikowski, Michal"]
[Black "Lorenz, Sascha"]
[Result "1-0"]
[TimeControl "90 min+30 sec"]
[WhiteElo "2060"]
[BlackElo "2296"]

1. d4 d5 2. c4 dxc4 3. e3 b5 4. a4 b4 5. Bxc4 Bb7 6. Nf3 e6 7. O-O Nf6 8. Qe2 Be7 9. Nbd2 O-O 10. Rd1 Nbd7 11. b3 c5 12.
Bb2 Qb8 13. Rac1 cxd4 14. Bxd4 e5 15. Bb2 Bd6 16. Nf1 e4 17. Nd4 Ne5 18. Nf5 Bc7 19. Bxe5 Bxe5 20. Ne7+ Kh8 21. Nd5 Ne8 22.
Nxb4 Nd6 23. Bb5 a5 24. Nc6 Qe8 25. Qh5 Nxb5 26. Nxe5 g6 27. Qg5 f6 28. Nxg6+ 1-0

[Event "6. Internationales Spandauer Weihnachtsopen 2023"]
[Site "Spandau, Germany"]
[Date "2023.12.29"]
[Round "5.1"]
[White "Daniel, Damian"]
[Black "Dahl, Christoph"]
[Result "0-1"]
[TimeControl "90 min+30 sec"]
[WhiteElo "2129"]
[BlackElo "2357"]

1. d4 Nf6 2. c4 e6 3. Nc3 Bb4 4. Nf3 d5 5. cxd5 exd5 6. Bg5 h6 7. Bxf6 Qxf6 8. Qb3 Qd6 9. e3 O-O 10. Bd3 c6 11. O-O Nd7 12.
a3 Ba5 13. Qc2 Bc7 14. b4 a6 15. a4 Nf6 16. b5 Ng4 17. g3 Qf6 18. Kg2 Qe6 19. Rfe1 Nf6 20. bxc6 Qh3+ 21. Kg1 bxc6 22.
e4 Ba5 23. Nd2 Rb8 24. Bf1 Qh5 25. Bg2 Bh3 26. Ra3 Bxg2 27. Kxg2 Qg6 28. f3 Nh5 29. Kh1 Rfe8 30. Ra2 Rb4 31.
Nb3 Bc7 32. Rg1 Nf6 33. e5 Qxc2 34. Rxc2 Rxb3 35. exf6 Bb6 36. Rd1 gxf6 37. Kg2 Rb4 38. Rb1 a5 39. Rd1 Bxd4 40. Ne2 Rb2 41. Rxb2 Bxb2 42. Rd2 Be5 43. f4 Ba1 44. Kf3 f5 45.
Rc2 d4 46. Nc1 Bc3 47. Kf2 Re3 48. Re2 Re6 49. Rxe6 fxe6 50. Ke2 Kf7 51. Kd3 e5 52. fxe5 Ke6 53. Kc4 Kxe5 54. Nd3+ Ke4 55.
Nf4 Ke3 56. Nd3 Kf3 57. Ne5+ Kg2 58. Nf7 h5 59. Nd6 Kxh2 60. Nxf5 Kh3 61. Kd3 Kg4 62. Ng7 Ba1 63. Kd2 d3 64. Nxh5 Kxh5 65. Kxd3 Be5 66. Kd4 0-1

[Event "6. Internationales Spandauer Weihnachtsopen 2023"]
[Site "Spandau, Germany"]
[Date "2023.12.29"]
[Round "5.2"]
[White "Tschernatsch, Johannes"]
[Black "Dathe, Frederick"]
[Result "0-1"]
[TimeControl "90 min+30 sec"]
[WhiteElo "2335"]
[BlackElo "2143"]

1. e4 c5 2. Nf3 d6 3. Bb5+ Nd7 4. a4 Ngf6 5. Nc3 a6 6. Be2 b6 7. d4 cxd4 8. Qxd4 Bb7 9. O-O e6 10. Rd1 Qc7 11. Nd2 d5 12. exd5 0-1

[Event "6. Internationales Spandauer Weihnachtsopen 2023"]
[Site "Spandau, Germany"]
[Date "2023.12.29"]
[Round "5.3"]
[White "Nemitz, Alfred"]
[Black "Goluch, Piotr"]
[Result "*"]
[TimeControl "90 min+30 sec"]
[WhiteElo "2219"]
[BlackElo "2312"]

1. d4 Nf6 2. Nf3 e6 3. Bg5 Be7 4. Nbd2 d5 5.
e3 O-O 6. Bd3 c5 7. c3 Nc6 8.
Ne5 Nd7 9. Bxe7 Qxe7 10. f4 f5 11. Ndf3 Ndxe5 12. Nxe5 Nxe5 13. fxe5 Bd7 14. O-O b5 15. Bc2 b4 16. cxb4 cxb4 17.
Ba4 Rfc8 18. Bxd7 Qxd7 19. Qd2 Rc4 20. b3 Rc3 21. a3 Rac8 22. axb4 Rxb3 23. Rfc1 Rc4 24. Qa2 Rxe3 25. Rxc4 dxc4 26. Qxc4 Re4 27. Ra6 Rxd4 28. Qxe6+ Qxe6 29. Rxe6 Rxb4 30. Re7 Re4 31.
e6 h6 32. Kf2 Kh7 33. Kf3 a6 34. h3 h5 35. Re8 h4 36. e7 Kg6 37. Ra8 Rxe7 38. Rxa6+ Kg5 39. Ra5 Rb7 40. Ra4 Rb5 41. Rc4 Kh5 42. Rc8 g5 43. Rg8 Rb3+ 44. Kf2 Rb2+ 45. Kf3 g4+ 46. hxg4+ fxg4+ 47. Kf4 Rf2+ 48. Ke5 Rxg2 49. Rh8 Kg6 50. Rxh4 Kg5 *

[Event "6. Internationales Spandauer Weihnachtsopen 2023"]
[Site "Spandau, Germany"]
[Date "2023.12.29"]
[Round "5.4"]
[White "Torosyan, Bagrat"]
[Black "Richter, Leonard"]
[Result "0-1"]
[TimeControl "90 min+30 sec"]
[WhiteElo "2024"]
[BlackElo "2253"]

1. e4 c5 2. Nf3 d6 3. d4 cxd4 4. Nxd4 Nf6 5. Nc3 Nc6 6. Bg5 Bd7 7. Qd3 Rc8 8. f4 Nb4 9. Qd2 Qb6 10. Bxf6 gxf6 11. Nf3 Bh6 12. g3 Bc6 13. O-O-O f5 14.
Nd4 Bg7 15. a3 Bxe4 16. Nxe4 Rxc2+ 17. Qxc2 Nxc2 18. Bb5+ Kf8 0-1